2729 views
Uploaded 2020-01-16 20:21:40
Game version 1.32.0.5
27:13 long 4on4 ladder game on (8)MarketSquare
Saved by BEARAND
2729 views
Uploaded 2020-01-16 20:21:40
Game version 1.32.0.5
27:13 long 4on4 ladder game on (8)MarketSquare


87 units @ 7.5k
/ 0.6k
242 buildings @ 18.3k
/ 10.3k



| Staff of Sanctuary | 3 | 750 |
| Boots of Speed | 3 | 750 |
| Staff of Teleportation | 3 | 450 |
| Periapt of Vitality | 1 | 325 |
| Orb of Lightning | 2 | 750 |
| total: | 12 | 3025g |
| Peasant | 18 | 1350 | / | 0 |
| Priest | 1 | 135 | / | 10 |
| Mortar Team | 4 | 720 | / | 280 |
| total: | 23 | 2205g | / | 290w |
| Scout Tower | 65 | 1950 | / | 1300 |
| Arcane Tower | 10 | 700 | / | 500 |
| Guard Tower | 43 | 3010 | / | 2150 |
| Altar of Kings | 1 | 180 | / | 50 |
| Farm | 6 | 480 | / | 120 |
| Lumber Mill | 1 | 120 | / | 0 |
| Blacksmith | 1 | 140 | / | 60 |
| Barracks | 1 | 160 | / | 60 |
| Town Hall | 1 | 385 | / | 205 |
| Arcane Vault | 3 | 390 | / | 90 |
| Arcane Sanctum | 1 | 150 | / | 140 |
| Gryphon Aviary | 1 | 140 | / | 150 |
| Workshop | 3 | 420 | / | 420 |
| Keep | 1 | 320 | / | 210 |
| Castle | 1 | 360 | / | 210 |
| total: | 84 | 4515g | / | 2595w |
| 0:02 | Peasant |
| 0:02 | Peasant |
| 0:08 | Altar of Kings |
| 0:19 | Farm |
| 0:28 | Peasant |
| 0:37 | Farm |
| 0:42 | Scout Tower |
| 0:54 | Peasant |
| 0:54 | Peasant |
| 0:54 | Peasant |
| 1:14 | Lumber Mill |
| 1:20 | Scout Tower |
| 1:23 | Scout Tower |
| 1:24 | Peasant |
| 1:31 | Scout Tower |
| 1:35 | Peasant |
| 1:40 | Peasant |
| 1:53 | Peasant |
| 1:53 | Peasant |
| 1:58 | Arcane Tower |
| 2:05 | Blizzard |
| 2:14 | Arcane Tower |
| 2:22 | Guard Tower |
| 2:26 | Peasant |
| 2:27 | Peasant |
| 2:28 | Scout Tower |
| 2:29 | Scout Tower |
| 2:40 | Scout Tower |
| 2:41 | Scout Tower |
| 2:43 | Peasant |
| 2:43 | Peasant |
| 2:43 | Peasant |
| 2:53 | Scout Tower |
| 2:54 | Scout Tower |
| 2:55 | Scout Tower |
| 3:08 | Guard Tower |
| 3:10 | Scout Tower |
| 3:12 | Scout Tower |
| 3:12 | Scout Tower |
| 3:25 | Guard Tower |
| 3:25 | Guard Tower |
| 3:44 | Guard Tower |
| 3:47 | Guard Tower |
| 3:48 | Scout Tower |
| 3:49 | Scout Tower |
| 3:52 | Improved Masonry |
| 3:57 | Guard Tower |
| 3:58 | Scout Tower |
| 4:13 | Keep |
| 4:16 | Farm |
| 4:17 | Farm |
| 4:21 | Guard Tower |
| 4:26 | Guard Tower |
| 4:56 | Guard Tower |
| 4:58 | Scout Tower |
| 5:16 | Guard Tower |
| 5:18 | Scout Tower |
| 5:24 | Scout Tower |
| 5:26 | Brilliance Aura |
| 5:39 | Scout Tower |
| 5:39 | Guard Tower |
| 6:15 | Guard Tower |
| 6:18 | Guard Tower |
| 6:20 | Scout Tower |
| 6:20 | Scout Tower |
| 6:21 | Scout Tower |
| 6:22 | Scout Tower |
| 6:31 | Scout Tower |
| 6:33 | Scout Tower |
| 6:33 | Guard Tower |
| 6:57 | Improved Lumber Harvesting |
| 7:10 | Castle |
| 7:12 | Guard Tower |
| 7:26 | Guard Tower |
| 7:27 | Guard Tower |
| 7:29 | Scout Tower |
| 7:36 | Scout Tower |
| 7:36 | Scout Tower |
| 7:37 | Scout Tower |
| 7:40 | Arcane Sanctum |
| 7:41 | Blacksmith |
| 7:42 | Barracks |
| 8:10 | Guard Tower |
| 8:11 | Guard Tower |
| 8:12 | Scout Tower |
| 8:12 | Scout Tower |
| 8:13 | Scout Tower |
| 8:16 | Guard Tower |
| 8:18 | Scout Tower |
| 8:19 | Scout Tower |
| 8:19 | Scout Tower |
| 8:19 | Scout Tower |
| 8:53 | Blizzard |
| 9:03 | Town Hall |
| 9:15 | Scout Tower |
| 9:15 | Scout Tower |
| 9:16 | Scout Tower |
| 9:16 | Scout Tower |
| 9:17 | Scout Tower |
| 9:17 | Scout Tower |
| 9:17 | Scout Tower |
| 9:18 | Scout Tower |
| 9:19 | Scout Tower |
| 9:19 | Scout Tower |
| 9:20 | Scout Tower |
| 9:20 | Scout Tower |
| 9:21 | Scout Tower |
| 9:22 | Scout Tower |
| 9:22 | Scout Tower |
| 9:23 | Scout Tower |
| 10:01 | Arcane Vault |
| 10:01 | Arcane Vault |
| 10:14 | Guard Tower |
| 10:24 | Boots of Speed |
| 10:29 | Staff of Teleportation |
| 10:36 | Storm Bolt |
| 10:47 | Arcane Vault |
| 11:05 | Boots of Speed |
| 11:05 | Staff of Teleportation |
| 11:16 | Animal War Training |
| 11:17 | Magic Sentry |
| 11:17 | Priest |
| 11:18 | Advanced Masonry |
| 11:19 | Advanced Lumber Harvesting |
| 11:25 | Arcane Tower |
| 11:25 | Arcane Tower |
| 11:26 | Arcane Tower |
| 11:27 | Arcane Tower |
| 11:28 | Guard Tower |
| 11:28 | Guard Tower |
| 11:32 | Holy Light |
| 11:36 | Staff of Sanctuary |
| 11:56 | Scout Tower |
| 11:57 | Scout Tower |
| 11:58 | Scout Tower |
| 12:16 | Boots of Speed |
| 12:20 | Peasant |
| 12:21 | Peasant |
| 12:45 | Guard Tower |
| 12:46 | Guard Tower |
| 12:46 | Guard Tower |
| 12:47 | Guard Tower |
| 12:48 | Arcane Tower |
| 12:49 | Arcane Tower |
| 13:51 | Imbued Masonry |
| 13:54 | Scout Tower |
| 13:55 | Scout Tower |
| 13:55 | Scout Tower |
| 13:57 | Scout Tower |
| 13:58 | Scout Tower |
| 14:03 | Scout Tower |
| 14:04 | Scout Tower |
| 14:04 | Scout Tower |
| 14:31 | Gryphon Aviary |
| 14:52 | Studded Leather Armor |
| 15:16 | Guard Tower |
| 15:24 | Guard Tower |
| 15:34 | Guard Tower |
| 15:35 | Guard Tower |
| 15:36 | Guard Tower |
| 15:47 | Bash |
| 16:15 | Staff of Teleportation |
| 16:15 | Periapt of Vitality |
| 16:53 | Brilliance Aura |
| 17:31 | Divine Shield |
| 18:46 | Storm Bolt |
| 18:49 | Guard Tower |
| 18:50 | Arcane Tower |
| 18:57 | Staff of Sanctuary |
| 19:07 | Orb of Lightning |
| 19:09 | Staff of Sanctuary |
| 19:37 | Workshop |
| 19:38 | Workshop |
| 19:40 | Workshop |
| 19:41 | Farm |
| 19:43 | Farm |
| 20:00 | Black Gunpowder |
| 20:49 | Mortar Team |
| 20:52 | Mortar Team |
| 21:10 | Holy Light |
| 21:50 | Orb of Lightning |
| 23:29 | Flare |
| 23:30 | Fragmentation Shards |
| 24:37 | Mortar Team |
| 24:38 | Mortar Team |
| Right click | 1997 |
| Select | 617 |
| Select group | 429 |
| Chat | 326 |
| Build/train/purchase | 152 |
| Use ability | 68 |
| Misc. action | 22 |
| Assign group | 16 |
| Minimap ping | 10 |
| Item give/drop | 8 |
| Resource trade | 7 |
| Remove unit | 3 |
| Esc | 2 |


| Healing Salve | 1 | 100 |
| Orb of Lightning | 1 | 375 |
| Boots of Speed | 2 | 500 |
| Staff of Teleportation | 2 | 300 |
| total: | 6 | 1275g |
| Peon | 14 | 1050 | / | 0 |
| Troll Batrider | 8 | 1280 | / | 320 |
| total: | 22 | 2330g | / | 320w |
| Watch Tower | 26 | 2860 | / | 2080 |
| Altar of Storms | 1 | 180 | / | 50 |
| Orc Burrow | 4 | 640 | / | 160 |
| War Mill | 1 | 205 | / | 0 |
| Voodoo Lounge | 4 | 520 | / | 120 |
| Great Hall | 1 | 385 | / | 185 |
| Beastiary | 5 | 725 | / | 700 |
| Stronghold | 1 | 315 | / | 190 |
| Fortress | 1 | 325 | / | 190 |
| total: | 42 | 5515g | / | 3295w |
| 0:02 | Peon |
| 0:02 | Peon |
| 0:05 | Altar of Storms |
| 0:18 | Orc Burrow |
| 0:20 | Peon |
| 0:39 | Peon |
| 0:48 | War Mill |
| 0:57 | Peon |
| 1:10 | Voodoo Lounge |
| 1:14 | Peon |
| 1:27 | Peon |
| 1:41 | Orc Burrow |
| 1:47 | Peon |
| 2:09 | Wind Walk |
| 2:13 | Watch Tower |
| 2:16 | Healing Salve |
| 2:18 | Peon |
| 2:36 | Watch Tower |
| 2:55 | Watch Tower |
| 3:11 | Peon |
| 3:38 | Peon |
| 3:40 | Watch Tower |
| 4:07 | Peon |
| 4:09 | Watch Tower |
| 4:12 | Watch Tower |
| 4:15 | Peon |
| 4:47 | Boots of Speed |
| 4:47 | Staff of Teleportation |
| 4:52 | Watch Tower |
| 4:59 | Peon |
| 5:13 | Watch Tower |
| 5:30 | Watch Tower |
| 6:03 | Watch Tower |
| 6:04 | Stronghold |
| 6:24 | Watch Tower |
| 7:10 | Watch Tower |
| 7:13 | Watch Tower |
| 7:21 | Critical Strike |
| 7:28 | Watch Tower |
| 7:32 | Orc Burrow |
| 7:58 | Watch Tower |
| 8:13 | Watch Tower |
| 8:39 | Watch Tower |
| 8:55 | Watch Tower |
| 9:15 | Beastiary |
| 9:21 | Beastiary |
| 9:35 | Watch Tower |
| 9:44 | Watch Tower |
| 9:57 | Watch Tower |
| 10:26 | Watch Tower |
| 10:30 | Hex |
| 10:35 | Fortress |
| 10:41 | Orc Burrow |
| 10:46 | Voodoo Lounge |
| 10:48 | Voodoo Lounge |
| 10:50 | Voodoo Lounge |
| 11:06 | Spiked Barricades |
| 11:06 | Reinforced Defenses |
| 11:11 | Watch Tower |
| 11:36 | Beastiary |
| 12:10 | Wind Walk |
| 12:33 | Improved Spiked Barricades |
| 12:50 | Boots of Speed |
| 12:56 | Liquid Fire |
| 12:58 | Troll Batrider |
| 13:36 | Troll Batrider |
| 13:56 | Troll Batrider |
| 14:38 | Staff of Teleportation |
| 14:50 | Troll Batrider |
| 14:52 | Beastiary |
| 14:59 | Beastiary |
| 15:31 | Healing Wave |
| 16:19 | Troll Batrider |
| 16:57 | Troll Batrider |
| 18:40 | Critical Strike |
| 18:44 | Healing Wave |
| 18:53 | Great Hall |
| 18:59 | Troll Batrider |
| 19:00 | Troll Batrider |
| 19:42 | Orb of Lightning |
| 19:56 | Steel Ranged Weapons |
| 19:56 | Steel Armor |
| 21:33 | Thorium Ranged Weapons |
| 22:15 | Thorium Armor |
| 24:05 | Arcanite Ranged Weapons |
| 24:19 | Wind Walk |
| 24:33 | Watch Tower |
| 24:35 | Watch Tower |
| 25:31 | Hex |
| 25:49 | Watch Tower |
| 26:09 | Arcanite Armor |
| Right click | 1481 |
| Select group | 466 |
| Select | 376 |
| Misc. action | 281 |
| Chat | 116 |
| Use ability | 115 |
| Build/train/purchase | 81 |
| Assign group | 13 |
| Minimap ping | 4 |
| Item give/drop | 2 |
| Esc | 2 |



| Orb of Venom | 1 | 325 |
| Staff of Teleportation | 3 | 450 |
| Boots of Speed | 3 | 750 |
| Circlet of Nobility | 2 | 350 |
| Periapt of Vitality | 1 | 325 |
| Staff of Sanctuary | 1 | 250 |
| total: | 11 | 2450g |
| Wisp | 18 | 1080 | / | 0 |
| total: | 18 | 1080g | / | 0w |
| Altar of Elders | 1 | 180 | / | 50 |
| Moon Well | 8 | 1440 | / | 320 |
| Hunter's Hall | 1 | 210 | / | 100 |
| Ancient of Wonders | 1 | 90 | / | 30 |
| Tree of Life | 3 | 1020 | / | 555 |
| Ancient of Wind | 1 | 150 | / | 140 |
| Chimaera Roost | 4 | 560 | / | 760 |
| Tree of Ages | 2 | 640 | / | 360 |
| Tree of Eternity | 2 | 660 | / | 400 |
| total: | 19 | 3650g | / | 1955w |
| 0:01 | Wisp |
| 0:03 | Altar of Elders |
| 0:05 | Wisp |
| 0:11 | Moon Well |
| 0:18 | Wisp |
| 0:18 | Wisp |
| 0:29 | Wisp |
| 0:45 | Moon Well |
| 0:51 | Wisp |
| 0:55 | Wisp |
| 1:02 | Wisp |
| 1:14 | Wisp |
| 1:15 | Wisp |
| 1:38 | Wisp |
| 1:39 | Wisp |
| 1:56 | Wisp |
| 1:56 | Wisp |
| 2:10 | Entangling Roots |
| 2:32 | Wisp |
| 2:32 | Wisp |
| 2:45 | Wisp |
| 3:01 | Wisp |
| 4:19 | Tree of Ages |
| 4:28 | Moon Well |
| 5:07 | Staff of Teleportation |
| 5:07 | Boots of Speed |
| 5:21 | Hunter's Hall |
| 5:54 | Moon Well |
| 5:55 | Moon Well |
| 6:05 | Moon Well |
| 6:42 | Moon Well |
| 7:05 | Frost Arrows |
| 7:25 | Thorns Aura |
| 7:52 | Tree of Eternity |
| 7:53 | Ultravision |
| 8:55 | Ancient of Wonders |
| 9:02 | Mana Shield |
| 9:43 | Staff of Teleportation |
| 9:43 | Boots of Speed |
| 9:44 | Circlet of Nobility |
| 10:27 | Well Spring |
| 10:34 | Silence |
| 12:47 | Staff of Teleportation |
| 12:47 | Boots of Speed |
| 12:48 | Periapt of Vitality |
| 12:48 | Circlet of Nobility |
| 13:08 | Moon Well |
| 13:30 | Entangling Roots |
| 14:02 | Orb of Venom |
| 14:03 | Staff of Sanctuary |
| 14:40 | Tree of Life |
| 16:22 | Life Drain |
| 18:21 | Frost Arrows |
| 18:54 | Silence |
| 19:01 | Thorns Aura |
| 20:54 | Tree of Life |
| 21:57 | Tree of Ages |
| 22:48 | Strength of the Wild |
| 23:08 | Mana Shield |
| 24:22 | Tree of Eternity |
| 24:26 | Ancient of Wind |
| 24:27 | Improved Strength of the Wild |
| 26:04 | Tree of Life |
| 26:43 | Chimaera Roost |
| 26:43 | Chimaera Roost |
| 26:46 | Chimaera Roost |
| 26:46 | Chimaera Roost |
| 26:49 | Advanced Strength of the Wild |
| Right click | 1628 |
| Select group | 1182 |
| Select | 240 |
| Chat | 150 |
| Resource trade | 134 |
| Build/train/purchase | 68 |
| Use ability | 66 |
| Misc. action | 57 |
| Minimap ping | 39 |
| Assign group | 9 |
| Item give/drop | 6 |
| Esc | 1 |
iggythefisk
(27:09) : 


| Lesser Clarity Potion | 1 | 70 |
| Staff of Sanctuary | 3 | 750 |
| Orb of Fire | 1 | 325 |
| Scroll of Regeneration | 1 | 100 |
| Boots of Speed | 3 | 750 |
| Staff of Teleportation | 3 | 450 |
| Healing Salve | 1 | 100 |
| Orb of Lightning | 1 | 375 |
| total: | 14 | 2920g |
| Peasant | 22 | 1650 | / | 0 |
| Priest | 2 | 270 | / | 20 |
| total: | 24 | 1920g | / | 20w |
| Scout Tower | 83 | 2490 | / | 1660 |
| Arcane Tower | 6 | 420 | / | 300 |
| Guard Tower | 43 | 3010 | / | 2150 |
| Altar of Kings | 1 | 180 | / | 50 |
| Lumber Mill | 1 | 120 | / | 0 |
| Farm | 5 | 400 | / | 100 |
| Town Hall | 2 | 770 | / | 410 |
| Arcane Vault | 4 | 520 | / | 120 |
| Arcane Sanctum | 1 | 150 | / | 140 |
| Keep | 1 | 320 | / | 210 |
| Castle | 2 | 720 | / | 420 |
| total: | 97 | 4630g | / | 2480w |
| 0:01 | Peasant |
| 0:03 | Altar of Kings |
| 0:08 | Peasant |
| 0:19 | Lumber Mill |
| 0:20 | Peasant |
| 0:24 | Farm |
| 0:26 | Peasant |
| 0:44 | Farm |
| 0:47 | Farm |
| 0:50 | Peasant |
| 0:59 | Peasant |
| 1:10 | Scout Tower |
| 1:15 | Scout Tower |
| 1:18 | Peasant |
| 1:26 | Peasant |
| 1:39 | Arcane Tower |
| 1:45 | Scout Tower |
| 1:56 | Peasant |
| 2:06 | Arcane Tower |
| 2:11 | Summon Water Elemental |
| 2:16 | Guard Tower |
| 2:18 | Scout Tower |
| 2:19 | Peasant |
| 2:20 | Peasant |
| 2:30 | Improved Masonry |
| 2:30 | Advanced Masonry |
| 2:36 | Peasant |
| 2:43 | Scout Tower |
| 2:45 | Guard Tower |
| 3:07 | Peasant |
| 3:17 | Peasant |
| 3:19 | Guard Tower |
| 3:20 | Scout Tower |
| 3:21 | Peasant |
| 3:49 | Guard Tower |
| 3:50 | Scout Tower |
| 4:16 | Brilliance Aura |
| 4:32 | Keep |
| 4:34 | Scout Tower |
| 4:37 | Scout Tower |
| 4:38 | Guard Tower |
| 5:43 | Town Hall |
| 5:45 | Scout Tower |
| 5:46 | Scout Tower |
| 5:47 | Scout Tower |
| 6:02 | Scout Tower |
| 6:21 | Arcane Tower |
| 6:38 | Scout Tower |
| 6:38 | Scout Tower |
| 6:39 | Guard Tower |
| 7:00 | Imbued Masonry |
| 7:04 | Scout Tower |
| 7:06 | Guard Tower |
| 7:19 | Summon Water Elemental |
| 7:29 | Guard Tower |
| 7:31 | Scout Tower |
| 7:32 | Scout Tower |
| 7:54 | Peasant |
| 7:54 | Peasant |
| 7:54 | Peasant |
| 7:55 | Guard Tower |
| 7:59 | Scout Tower |
| 8:02 | Scout Tower |
| 8:03 | Scout Tower |
| 8:11 | Scout Tower |
| 8:34 | Arcane Tower |
| 8:35 | Guard Tower |
| 8:45 | Guard Tower |
| 8:49 | Peasant |
| 8:50 | Storm Bolt |
| 9:02 | Arcane Sanctum |
| 9:03 | Improved Lumber Harvesting |
| 9:05 | Castle |
| 9:11 | Boots of Speed |
| 9:11 | Staff of Teleportation |
| 9:20 | Guard Tower |
| 9:21 | Guard Tower |
| 9:22 | Scout Tower |
| 9:24 | Scout Tower |
| 9:26 | Scout Tower |
| 9:33 | Scout Tower |
| 9:56 | Arcane Tower |
| 9:57 | Guard Tower |
| 9:57 | Guard Tower |
| 10:11 | Farm |
| 10:20 | Guard Tower |
| 10:21 | Scout Tower |
| 10:22 | Scout Tower |
| 10:28 | Guard Tower |
| 10:30 | Arcane Vault |
| 10:31 | Scout Tower |
| 10:32 | Scout Tower |
| 11:00 | Boots of Speed |
| 11:09 | Priest Adept Training |
| 11:09 | Priest |
| 11:11 | Guard Tower |
| 11:16 | Arcane Vault |
| 11:18 | Arcane Vault |
| 11:20 | Guard Tower |
| 11:22 | Staff of Teleportation |
| 11:26 | Scout Tower |
| 11:27 | Scout Tower |
| 11:39 | Arcane Vault |
| 12:21 | Guard Tower |
| 12:23 | Guard Tower |
| 12:28 | Scout Tower |
| 12:29 | Scout Tower |
| 12:31 | Guard Tower |
| 12:34 | Healing Salve |
| 12:39 | Lesser Clarity Potion |
| 12:50 | Scout Tower |
| 12:51 | Scout Tower |
| 13:10 | Guard Tower |
| 13:23 | Brilliance Aura |
| 13:28 | Bash |
| 13:50 | Holy Light |
| 13:51 | Boots of Speed |
| 13:51 | Staff of Teleportation |
| 14:04 | Guard Tower |
| 14:05 | Scout Tower |
| 14:08 | Scout Tower |
| 14:09 | Guard Tower |
| 14:12 | Scout Tower |
| 14:12 | Scout Tower |
| 14:22 | Priest |
| 14:26 | Scout Tower |
| 14:41 | Guard Tower |
| 14:45 | Farm |
| 15:00 | Guard Tower |
| 15:00 | Advanced Lumber Harvesting |
| 15:05 | Guard Tower |
| 15:06 | Scout Tower |
| 15:50 | Guard Tower |
| 15:51 | Scout Tower |
| 15:57 | Divine Shield |
| 16:09 | Priest Master Training |
| 16:44 | Storm Bolt |
| 16:59 | Guard Tower |
| 17:01 | Scout Tower |
| 17:01 | Scout Tower |
| 17:02 | Scout Tower |
| 18:38 | Town Hall |
| 18:48 | Guard Tower |
| 18:49 | Scout Tower |
| 18:59 | Summon Water Elemental |
| 19:00 | Holy Light |
| 19:16 | Guard Tower |
| 19:20 | Scout Tower |
| 19:20 | Scout Tower |
| 19:21 | Scout Tower |
| 19:21 | Scout Tower |
| 19:22 | Scout Tower |
| 19:22 | Scout Tower |
| 20:17 | Staff of Sanctuary |
| 20:19 | Orb of Lightning |
| 20:24 | Staff of Sanctuary |
| 20:41 | Arcane Tower |
| 20:42 | Peasant |
| 20:42 | Peasant |
| 21:21 | Guard Tower |
| 21:23 | Guard Tower |
| 21:25 | Scout Tower |
| 21:25 | Scout Tower |
| 21:26 | Scout Tower |
| 21:27 | Scout Tower |
| 21:28 | Scout Tower |
| 21:28 | Scout Tower |
| 21:29 | Scout Tower |
| 21:29 | Scout Tower |
| 21:30 | Scout Tower |
| 21:30 | Scout Tower |
| 21:34 | Scout Tower |
| 21:35 | Scout Tower |
| 21:35 | Scout Tower |
| 21:35 | Scout Tower |
| 21:36 | Scout Tower |
| 21:37 | Scout Tower |
| 21:53 | Guard Tower |
| 22:16 | Magic Sentry |
| 22:51 | Guard Tower |
| 22:51 | Guard Tower |
| 22:53 | Guard Tower |
| 22:54 | Peasant |
| 23:41 | Orb of Fire |
| 23:41 | Scroll of Regeneration |
| 23:43 | Staff of Sanctuary |
| 24:21 | Guard Tower |
| 24:25 | Guard Tower |
| 24:27 | Scout Tower |
| 24:27 | Scout Tower |
| 24:28 | Scout Tower |
| 24:29 | Bash |
| 25:37 | Divine Shield |
| 26:04 | Guard Tower |
| 26:06 | Scout Tower |
| 26:07 | Scout Tower |
| 26:07 | Scout Tower |
| 26:08 | Scout Tower |
| 26:09 | Scout Tower |
| 26:25 | Mass Teleport |
| 26:52 | Scout Tower |
| 26:53 | Scout Tower |
| 26:54 | Scout Tower |
| 26:54 | Scout Tower |
| 26:55 | Scout Tower |
| 26:55 | Scout Tower |
| Right click | 1004 |
| Assign group | 708 |
| Select group | 677 |
| Select | 464 |
| Build/train/purchase | 216 |
| Chat | 172 |
| Resource trade | 127 |
| Misc. action | 64 |
| Use ability | 64 |
| Item give/drop | 6 |
| Remove unit | 2 |
139 units @ 18k
/ 2.7k
76 buildings @ 12.4k
/ 5.8k


| Moonstone | 2 | 100 |
| Lesser Clarity Potion | 1 | 70 |
| Potion of Healing | 1 | 150 |
| Scroll of Town Portal | 1 | 350 |
| Boots of Speed | 1 | 250 |
| Potion of Lesser Invulnerability | 1 | 150 |
| Circlet of Nobility | 1 | 175 |
| total: | 8 | 1245g |
| Wisp | 41 | 2460 | / | 0 |
| Archer | 7 | 910 | / | 70 |
| Hippogryph | 2 | 320 | / | 40 |
| Dryad | 1 | 145 | / | 60 |
| Druid of the Talon | 1 | 145 | / | 20 |
| Faerie Dragon | 1 | 155 | / | 25 |
| Assassin | 1 | 250 | / | 30 |
| total: | 54 | 4385g | / | 245w |
| Ancient Protector | 5 | 675 | / | 400 |
| Altar of Elders | 1 | 180 | / | 50 |
| Moon Well | 8 | 1440 | / | 320 |
| Ancient of War | 2 | 300 | / | 120 |
| Ancient of Wonders | 2 | 180 | / | 60 |
| Hunter's Hall | 1 | 210 | / | 100 |
| Tree of Life | 1 | 340 | / | 185 |
| Ancient of Wind | 2 | 300 | / | 280 |
| Ancient of Lore | 2 | 310 | / | 290 |
| Tree of Ages | 1 | 320 | / | 180 |
| Tree of Eternity | 1 | 330 | / | 200 |
| total: | 24 | 3935g | / | 1805w |
| 0:02 | Wisp |
| 0:02 | Wisp |
| 0:04 | Wisp |
| 0:12 | Wisp |
| 0:27 | Altar of Elders |
| 0:34 | Moon Well |
| 0:39 | Wisp |
| 0:42 | Wisp |
| 0:42 | Wisp |
| 1:05 | Ancient of War |
| 1:43 | Wisp |
| 1:43 | Wisp |
| 1:45 | Wisp |
| 2:24 | Wisp |
| 2:27 | Wisp |
| 2:29 | Mana Burn |
| 2:54 | Moon Well |
| 3:11 | Wisp |
| 3:11 | Wisp |
| 3:17 | Ancient of Wonders |
| 3:35 | Archer |
| 3:40 | Moon Well |
| 4:02 | Archer |
| 4:03 | Tree of Ages |
| 4:17 | Archer |
| 4:17 | Archer |
| 4:28 | Archer |
| 4:57 | Archer |
| 5:19 | Moonstone |
| 5:20 | Lesser Clarity Potion |
| 5:26 | Moon Well |
| 5:52 | Hunter's Hall |
| 5:59 | Evasion |
| 6:24 | Wisp |
| 6:25 | Wisp |
| 6:32 | Improved Bows |
| 6:34 | Wisp |
| 6:40 | Ancient of Wind |
| 7:09 | Mana Burn |
| 7:14 | Tree of Life |
| 7:21 | Ancient of Wonders |
| 7:28 | Ancient Protector |
| 7:32 | Trueshot Aura |
| 7:53 | Moonstone |
| 7:53 | Scroll of Town Portal |
| 7:59 | Potion of Healing |
| 8:46 | Hippogryph |
| 8:46 | Hippogryph |
| 8:53 | Boots of Speed |
| 9:00 | Potion of Lesser Invulnerability |
| 9:07 | Circlet of Nobility |
| 9:15 | Ultravision |
| 9:15 | Strength of the Moon |
| 9:29 | Wisp |
| 9:29 | Wisp |
| 10:05 | Moon Armor |
| 10:08 | Wisp |
| 10:08 | Wisp |
| 10:08 | Wisp |
| 10:09 | Wisp |
| 10:13 | Searing Arrows |
| 10:23 | Assassin |
| 10:37 | Moon Well |
| 10:39 | Druid of the Talon Adept Training |
| 11:01 | Archer |
| 11:32 | Wisp |
| 11:32 | Wisp |
| 11:39 | Ancient of Lore |
| 11:46 | Ancient of Wind |
| 11:49 | Moon Well |
| 11:52 | Ancient of Lore |
| 12:05 | Tree of Eternity |
| 12:08 | Nature's Blessing |
| 12:10 | Ancient Protector |
| 12:15 | Wisp |
| 13:10 | Abolish Magic |
| 13:10 | Dryad |
| 13:18 | Wisp |
| 13:18 | Wisp |
| 13:18 | Wisp |
| 13:32 | Druid of the Talon |
| 13:32 | Faerie Dragon |
| 13:37 | Wisp |
| 13:37 | Wisp |
| 13:39 | Moon Well |
| 13:44 | Ancient of War |
| 13:58 | Moon Well |
| 14:01 | Ancient Protector |
| 14:35 | Druid of the Talon Master Training |
| 14:36 | Wisp |
| 14:36 | Wisp |
| 14:37 | Wisp |
| 14:38 | Wisp |
| 14:48 | Wisp |
| 14:48 | Wisp |
| 15:21 | Wisp |
| 15:21 | Wisp |
| 15:22 | Wisp |
| 15:22 | Wisp |
| 15:24 | Ancient Protector |
| 15:29 | Ancient Protector |
| 16:09 | Trueshot Aura |
| Select group | 392 |
| Right click | 367 |
| Assign group | 321 |
| Select | 244 |
| Build/train/purchase | 99 |
| Chat | 92 |
| Misc. action | 43 |
| Use ability | 18 |
| Minimap ping | 5 |
| Item give/drop | 4 |
| Resource trade | 4 |
| Esc | 1 |

| Wisp | 15 | 900 | / | 0 |
| Archer | 5 | 650 | / | 50 |
| Chimaera | 7 | 2310 | / | 490 |
| total: | 27 | 3860g | / | 540w |
| Altar of Elders | 2 | 360 | / | 100 |
| Moon Well | 8 | 1440 | / | 320 |
| Ancient of War | 1 | 150 | / | 60 |
| Hunter's Hall | 1 | 210 | / | 100 |
| Ancient of Wind | 1 | 150 | / | 140 |
| Chimaera Roost | 3 | 420 | / | 570 |
| Tree of Ages | 1 | 320 | / | 180 |
| Tree of Eternity | 1 | 330 | / | 200 |
| total: | 16 | 2730g | / | 1290w |
| 0:04 | Wisp |
| 0:04 | Wisp |
| 0:04 | Wisp |
| 0:19 | Altar of Elders |
| 0:27 | Altar of Elders |
| 0:35 | Moon Well |
| 0:38 | Wisp |
| 0:38 | Wisp |
| 0:39 | Wisp |
| 0:40 | Wisp |
| 0:50 | Wisp |
| 0:50 | Wisp |
| 1:42 | Moon Well |
| 1:47 | Ancient of War |
| 2:01 | Wisp |
| 2:01 | Wisp |
| 2:01 | Wisp |
| 2:29 | Force of Nature |
| 2:51 | Tree of Ages |
| 2:52 | Archer |
| 2:53 | Archer |
| 2:54 | Archer |
| 3:03 | Moon Well |
| 3:41 | Archer |
| 4:36 | Archer |
| 4:57 | Hunter's Hall |
| 5:18 | Wisp |
| 5:18 | Wisp |
| 5:19 | Wisp |
| 6:02 | Tree of Eternity |
| 6:06 | Entangling Roots |
| 6:56 | Ancient of Wind |
| 7:02 | Moon Well |
| 8:24 | Chimaera Roost |
| 8:25 | Chimaera Roost |
| 8:25 | Chimaera Roost |
| 8:46 | Force of Nature |
| 9:45 | Corrosive Breath |
| 9:48 | Chimaera |
| 9:48 | Chimaera |
| 9:49 | Chimaera |
| 10:06 | Strength of the Wild |
| 10:10 | Reinforced Hides |
| 10:37 | Moon Well |
| 11:25 | Improved Strength of the Wild |
| 11:34 | Moon Well |
| 11:44 | Chimaera |
| 12:13 | Moon Well |
| 13:08 | Chimaera |
| 13:52 | Chimaera |
| 15:05 | Moon Well |
| 15:20 | Chimaera |
| Right click | 252 |
| Select | 215 |
| Select group | 106 |
| Misc. action | 65 |
| Build/train/purchase | 40 |
| Assign group | 32 |
| Minimap ping | 21 |
| Use ability | 12 |
| Remove unit | 1 |

| Potion of Healing | 1 | 150 |
| Scroll of Town Portal | 1 | 350 |
| total: | 2 | 500g |
| Acolyte | 11 | 825 | / | 0 |
| Ghoul | 4 | 480 | / | 0 |
| Crypt Fiend | 5 | 1075 | / | 200 |
| Necromancer | 3 | 435 | / | 60 |
| Frost Wyrm | 5 | 1925 | / | 600 |
| Chimaera | 5 | 1650 | / | 350 |
| total: | 33 | 6390g | / | 1210w |
| Spirit Tower | 3 | 435 | / | 120 |
| Altar of Darkness | 1 | 180 | / | 50 |
| Ziggurat | 9 | 1350 | / | 450 |
| Crypt | 1 | 200 | / | 50 |
| Graveyard | 1 | 215 | / | 0 |
| Tomb of Relics | 1 | 130 | / | 30 |
| Temple of the Damned | 2 | 310 | / | 280 |
| Sacrificial Pit | 1 | 75 | / | 150 |
| Boneyard | 3 | 525 | / | 600 |
| Halls of the Dead | 1 | 320 | / | 210 |
| Black Citadel | 1 | 325 | / | 230 |
| Tree of Life | 1 | 340 | / | 185 |
| total: | 20 | 3325g | / | 1795w |
| 0:11 | Altar of Darkness |
| 0:22 | Ziggurat |
| 0:28 | Crypt |
| 0:34 | Acolyte |
| 0:39 | Acolyte |
| 1:05 | Acolyte |
| 1:29 | Graveyard |
| 1:40 | Ghoul |
| 1:46 | Ziggurat |
| 2:16 | Ghoul |
| 2:19 | Ghoul |
| 2:25 | Death Coil |
| 2:38 | Ghoul |
| 3:02 | Halls of the Dead |
| 3:14 | Crypt Fiend |
| 3:26 | Ziggurat |
| 3:46 | Crypt Fiend |
| 4:12 | Crypt Fiend |
| 4:43 | Crypt Fiend |
| 5:08 | Creature Attack |
| 5:36 | Temple of the Damned |
| 5:40 | Temple of the Damned |
| 5:44 | Ziggurat |
| 6:02 | Web |
| 6:25 | Unholy Aura |
| 6:55 | Crypt Fiend |
| 6:56 | Necromancer Adept Training |
| 7:03 | Necromancer |
| 7:27 | Unholy Strength |
| 7:30 | Necromancer |
| 7:33 | Acolyte |
| 7:52 | Ziggurat |
| 8:03 | Spirit Tower |
| 8:13 | Necromancer |
| 8:15 | Black Citadel |
| 8:34 | Sacrificial Pit |
| 8:59 | Tomb of Relics |
| 10:39 | Potion of Healing |
| 10:47 | Boneyard |
| 10:57 | Boneyard |
| 11:00 | Improved Creature Attack |
| 11:27 | Spirit Tower |
| 11:38 | Boneyard |
| 11:50 | Ziggurat |
| 11:54 | Ziggurat |
| 12:01 | Acolyte |
| 12:01 | Acolyte |
| 12:01 | Acolyte |
| 12:02 | Acolyte |
| 12:02 | Acolyte |
| 12:08 | Frost Wyrm |
| 12:17 | Freezing Breath |
| 12:33 | Scroll of Town Portal |
| 12:46 | Spirit Tower |
| 13:33 | Frost Wyrm |
| 14:23 | Frost Wyrm |
| 14:58 | Ziggurat |
| 15:02 | Ziggurat |
| 15:14 | Acolyte |
| 15:14 | Acolyte |
| 16:00 | Frost Wyrm |
| 16:13 | Frost Wyrm |
| 16:51 | Chimaera |
| 16:54 | Chimaera |
| 20:17 | Chimaera |
| 21:59 | Chimaera |
| 22:00 | Chimaera |
| 25:02 | Tree of Life |
| Right click | 294 |
| Select | 232 |
| Chat | 68 |
| Select group | 60 |
| Build/train/purchase | 59 |
| Assign group | 12 |
| Use ability | 7 |
| Resource trade | 5 |
| Remove unit | 1 |
| Esc | 1 |

| Healing Salve | 1 | 100 |
| Potion of Healing | 1 | 150 |
| Orb of Lightning | 1 | 375 |
| total: | 3 | 625g |
| Peon | 8 | 600 | / | 0 |
| Troll Batrider | 17 | 2720 | / | 680 |
| total: | 25 | 3320g | / | 680w |
| Watch Tower | 4 | 440 | / | 320 |
| Altar of Storms | 1 | 180 | / | 50 |
| Orc Burrow | 7 | 1120 | / | 280 |
| Voodoo Lounge | 1 | 130 | / | 30 |
| War Mill | 1 | 205 | / | 0 |
| Beastiary | 2 | 290 | / | 280 |
| Stronghold | 1 | 315 | / | 190 |
| Fortress | 1 | 325 | / | 190 |
| total: | 16 | 2365g | / | 960w |
| 0:03 | Peon |
| 0:03 | Peon |
| 0:03 | Peon |
| 0:04 | Peon |
| 0:13 | Altar of Storms |
| 0:25 | Orc Burrow |
| 0:50 | Voodoo Lounge |
| 1:37 | Orc Burrow |
| 1:41 | Peon |
| 1:41 | Peon |
| 2:20 | Wind Walk |
| 2:46 | Peon |
| 2:46 | Peon |
| 3:42 | Orc Burrow |
| 3:44 | Stronghold |
| 4:18 | Orc Burrow |
| 4:21 | War Mill |
| 4:42 | Healing Salve |
| 5:08 | Orc Burrow |
| 5:34 | Watch Tower |
| 5:37 | Spiked Barricades |
| 6:08 | Watch Tower |
| 6:13 | Beastiary |
| 6:29 | Beastiary |
| 6:47 | Improved Spiked Barricades |
| 7:25 | Watch Tower |
| 7:34 | Critical Strike |
| 7:50 | Troll Batrider |
| 7:50 | Troll Batrider |
| 8:09 | Troll Batrider |
| 8:09 | Troll Batrider |
| 8:09 | Troll Batrider |
| 8:09 | Troll Batrider |
| 8:57 | Troll Batrider |
| 8:57 | Troll Batrider |
| 9:30 | Fortress |
| 9:44 | Troll Batrider |
| 10:04 | Orc Burrow |
| 11:25 | Troll Batrider |
| 11:25 | Troll Batrider |
| 11:40 | Orc Burrow |
| 11:44 | Potion of Healing |
| 12:01 | Liquid Fire |
| 12:47 | Watch Tower |
| 13:56 | Troll Batrider |
| 13:56 | Troll Batrider |
| 13:57 | Troll Batrider |
| 14:48 | Troll Batrider |
| 14:49 | Troll Batrider |
| 14:49 | Troll Batrider |
| 15:14 | Orb of Lightning |
| Right click | 508 |
| Select group | 401 |
| Select | 228 |
| Chat | 84 |
| Build/train/purchase | 54 |
| Assign group | 14 |
| Use ability | 6 |
| Resource trade | 6 |
| Minimap ping | 3 |
| Item give/drop | 1 |
| Remove unit | 1 |
⇛